 Dungeon Crawl Stone Soup version 0.22.1-1-ga44c0e5 (webtiles) character file.

459 Irenicus the Cleaver (level 6, -2/52 HPs)
             Began as a Deep Dwarf Gladiator on Sept 29, 2018.
             Slain by an orc warrior
             ... wielding a +0 war axe
              (12 damage)
             ... on level 4 of the Dungeon.
             The game lasted 00:09:44 (1125 turns).

Irenicus the Cleaver (Deep Dwarf Gladiator)         Turns: 1125, Time: 00:09:45

Health: -2/52      AC:  9    Str: 17    XL:     6   Next: 78%
Magic:  6/6        EV: 13    Int:  9    God:
Gold:   111        SH:  0    Dex: 16    Spells: 5/5 levels left

rFire    . . .     SeeInvis .   a - +1 war axe
rCold    . . .     Gourm    .   (no shield)
rNeg     . . .     Faith    .   b - +0 leather armour
rPois    .         Spirit   .   c - +1 helmet
rElec    .         Reflect  .   k - +2 cloak {MR+}
rCorr    .         Harm     .   (no gloves)
MR       +....                  l - +0 pair of boots
Stlth    ..........             (no amulet)
HPRegen  0.00/turn              i - ring of attention (curse)
MPRegen  0.10/turn              (no ring)

@: non-regenerating
A: damage resistance, heal wounds, sense surroundings 1, no regeneration
a: Heal Wounds


You were on level 4 of the Dungeon.
You were very hungry.

You visited 1 branch of the dungeon, and saw 4 of its levels.

You collected 111 gold pieces.

Inventory:

Hand Weapons
 a - a +1 war axe (weapon)
 h - a +0 hand axe
   (You found it on level 2 of the Dungeon)
Missiles
 d - 2 throwing nets (quivered) {=f, !d}
Armour
 b - a +0 leather armour (worn)
 c - a +1 helmet (worn)
 k - a +2 cloak of magic resistance (worn)
   (You took it off Crazy Yiuf on level 3 of the Dungeon)
 l - a +0 pair of boots (worn)
   (You found it on level 3 of the Dungeon)
Jewellery
 g - a cursed amulet of inaccuracy {unknown}
   (You found it on level 3 of the Dungeon)
 i - a cursed ring of attention (left hand)
   (You found it on level 2 of the Dungeon)
Scrolls
 e - 3 scrolls of teleportation
 j - a scroll of enchant armour
 o - a scroll of enchant weapon
Potions
 m - a potion of curing
Comestibles
 f - 4 rations


   Skills:
 - Level 1.7 Fighting
 + Level 12.8 Axes
 - Level 1.7 Throwing
 - Level 3.2 Dodging


You had 5 spell levels left.
You didn't know any spells.
Your spell library was empty.

Dungeon Overview and Level Annotations

Branches:
Dungeon (4/15)
 Temple: D:4-7

Altars:
Dithmenos

Portals:
Ossuary: D:4


Innate Abilities, Weirdness & Mutations

You are resistant to damage.
You can heal yourself by infusing magical energy.
You passively map a small area around you.
You do not regenerate.


Message History

You slash the worker ant!
You kill the worker ant!
You barely miss the quokka.
The quokka bites you but does no damage.
You hit the quokka but do no damage. The quokka misses you.
You barely miss the quokka.
The quokka bites you but does no damage.
You barely miss the quokka. The quokka barely misses you.
You barely miss the quokka. The quokka closely misses you.
You closely miss the quokka. The quokka bites you.
You take 3 damage, and have 17/52 hp.
You barely miss the quokka. The quokka bites you.
You closely miss the quokka.
The quokka bites you but does no damage.
You hit the quokka.
The quokka twitches its whiskers.
The quokka bites you but does no damage.
You slash the quokka!
You kill the quokka!
You see here 19 gold pieces.
You now have 111 gold pieces (gained 19).
An orc comes into view. It is wielding a trident.
The orc shouts!
You hear a shout! x2
An orc comes into view. It is wielding a short sword.
An orc comes into view. It is wielding a dagger.
The orc shouts!
An orc comes into view. It is wielding a hand axe.
The orc moves out of view.
Found a sand-covered staircase.
An orc warrior comes into view. It is wielding a war axe.
Okay, then.
The orc warrior moves out of view.
A hound comes into view.
The hound barks!
You slash the hound! The hound closely misses you.
You slash the hound!
You kill the hound!
The orc warrior shouts!
The orc shouts!
You barely miss the orc. You slash the orc!
You kill the orc!
An orc comes into view. It is wielding a hand axe.
You barely miss the orc.
The orc shouts!
The orc hits you but does no damage.
You completely miss the orc.
An orc comes into view. It is wielding a hand axe of chopping.
The orc barely misses you.
An orc comes into view.
Okay, then.
You slash the orc!
You kill the orc!
An orc comes into view. It is wielding a mace of crushing.
You barely miss the orc warrior.
The orc shouts!
You hit the orc warrior but do no damage.
The orc warrior barely misses you.
You are feeling very hungry.
You hit the orc warrior but do no damage.
The orc warrior hits you but does no damage.
You closely miss the orc warrior. You slash the orc!
You kill the orc!
The orc warrior hits you but does no damage.
You hit the orc warrior but do no damage.
You hit the orc.
You hear the slow hiss of an avalanche of sand.
The orc barely misses you.
You closely miss the orc warrior. You closely miss the orc.
The orc warrior hits you with a war axe.
You hit the orc warrior but do no damage.
You hit the orc.
You kill the orc!
You slash the orc!
You kill the orc!
You hit the orc warrior.
The orc warrior hits you with a war axe!
* * * LOW HITPOINT WARNING * * *
You take 7 damage, and have 10/52 hp.
You feel much better. The orc hits you.
The orc warrior hits you with a war axe.
You regained 21 hp, and now have 31/52 hp.
You closely miss the orc.
You hit the orc warrior but do no damage.
The orc barely misses you.
You slash the orc!
You kill the orc!
You hit the orc warrior but do no damage.
The orc warrior hits you with a war axe!
You take 10 damage, and have 21/52 hp.
You hit the orc warrior. You slash the orc!
You kill the orc!
The orc warrior hits you with a war axe!
* * * LOW HITPOINT WARNING * * *
You take 11 damage, and have 10/52 hp.
MASSIVE DAMAGE!!
You slash the orc warrior! You barely miss the orc.
The orc hits you with a mace of crushing.
You slash the orc!
You kill the orc!
You hit the orc warrior.
The orc warrior hits you with a war axe!
You die...

, #.....#, <
#.....#.....# ,,
, ,
#.....##....# *
, ,
#.....##....####
#......#........
, ,,
##.....#........
##.....#........
#.....##†....##
, *
#.....o@......#
*
#.....)######...
* #......#, , ,
, #......#* , ,
* ##.........∩ ,
* #.....###..
.......# , * * ,
* ,.##.....# *,
.. *#......,


You could see an orc warrior.

Vanquished Creatures
  Grinder (D:3)
  A hound (D:4)
  Crazy Yiuf (D:3)
  An orc priest (D:3)
  A worker ant (D:4)
  An adder (D:3)
  An ooze (D:1)
  A worm (D:3)
  A dart slug (D:1)
  A leopard gecko (D:3)
  15 orcs
  A ball python (D:3)
  3 bats
  7 giant cockroaches
  4 goblins
  3 hobgoblins
  9 jackals
  A quokka (D:4)
  4 frilled lizards
  5 kobolds
  8 rats
70 creatures vanquished.

Notes
Turn   | Place    | Note
-------+----------+-------------------------------------------
     0 | D:1      | Irenicus the Deep Dwarf Gladiator began the quest for the
                  | Orb.
     0 | D:1      | Reached XP level 1. HP: 19/19 MP: 1/1
    61 | D:1      | Reached skill level 4 in Axes
    61 | D:1      | Reached XP level 2. HP: 24/26 MP: 2/2
   323 | D:1      | Reached XP level 3. HP: 19/32 MP: 3/3
   574 | D:3      | Reached skill level 5 in Axes
   620 | D:3      | Reached skill level 12 in Axes
   620 | D:3      | Reached XP level 4. HP: 20/39 MP: 4/4
   633 | D:3      | Reached XP level 5. HP: 13/45 MP: 5/5
   650 | D:3      | Found a shadowy altar of Dithmenos.
   679 | D:3      | Noticed Grinder
   693 | D:3      | Paralysed by Grinder for 4 turns
   699 | D:3      | Killed Grinder
   699 | D:3      | Reached XP level 6. HP: 27/52 MP: 6/6
   913 | D:3      | Found a runed door.
   920 | D:3      | Noticed Crazy Yiuf
   929 | D:3      | Killed Crazy Yiuf
  1100 | D:4      | Found a sand-covered staircase.
  1101 | D:4      | Noticed an orc warrior
  1119 | D:4      | HP: 10/52 [orc warrior/war axe (7)]
  1125 | D:4      | Slain by an orc warrior

Skill      XL: |  1  2  3 |
---------------+----------+-----
Axes           | 4 12 | 12.8
Fighting       | |  1.7
Throwing       | |  1.7
Dodging        | |  3.2

Action                   |  1- 3 |  4- 6 || total
-------------------------+-------+-------++-------
Melee: War axe           |    93 |    98 ||   191
Throw: Throwing net      |       |     2 ||     2
 Abil: Heal Wounds       |       |     1 ||     1
  Use: Scroll            |     4 |     3 ||     7
       Potion            |     1 |     4 ||     5
 Stab: Sleeping          |     1 |       ||     1
       Held in net/web   |       |     1 ||     1
       Distracted        |       |     1 ||     1
Armor: Leather armour    |    36 |    16 ||    52
Dodge: Dodged            |    62 |    63 ||   125

Vault maps used:
D:1:      dpeg_arrival_prison
D:2:      minmay_quantized
D:3:      grunt_dithmenos_smoke_and_mirrors, uniq_grinder,
          uniq_crazy_yiuf_cottage
D:4:      temple_statues, enter_ossuary_4

Table legend:
 A = Turns spent in this place as a percentage of turns spent in the entire game.
 B = Non-inter-level travel turns spent in this place as a percentage of non-inter-level travel turns spent in the entire game.
 C = Inter-level travel turns spent in this place as a percentage of turns spent in this place.
 D = Turns resting spent in this place as a percentage of non-inter-level travel turns spent in this place.
 E = Turns spent auto-exploring this place as a percentage of non-inter-level travel turns spent in this place.
 F = Non-inter-level travel turns spent in this place divided by the number of levels of this place that you've seen.
                   A       B       C       D       E      F
               +-------+-------+-------+-------+-------+----------------------
         Total | 100.0 | 100.0 |   0.0 |   0.0 |   0.0 | 281.2
       Dungeon | 100.0 | 100.0 |   0.0 |   0.0 |   0.0 | 281.2
               +-------+-------+-------+-------+-------+----------------------

Table legend:
 A = Kills in this place as a percentage of kills in entire the game.
 B = Kills by you in this place as a percentage of kills by you in the entire game.
 C = Kills by friends in this place as a percentage of kills by friends in the entire game.
 D = Other kills in this place as a percentage of other kills in the entire game.
 E = Experience gained in this place as a percentage of experience gained in the entire game.
 F = Experience gained in this place divided by the number of levels of this place that you have seen.
                   A       B       C       D       E      F
               +-------+-------+-------+-------+-------+----------------------
         Total | 100.0 | 100.0 |   N/A |   N/A | 100.0 | 145.8
       Dungeon | 100.0 | 100.0 |   N/A |   N/A | 100.0 | 145.8
               +-------+-------+-------+-------+-------+----------------------
